 Dungeon Sprint DCSS version 0.21.1-1-g345015fe64 (webtiles) character file.

3787 Htamos the Basher (level 10, -2/73 HPs)
             Began as a Gargoyle Fighter on July 11, 2018.
             Splashed by an oklob plant's acid (13 damage)
             ... in the Dungeon (Sprint I: "Red Sonja").
             The game lasted 00:05:04 (1494 turns).

Htamos the Basher (Gargoyle Fighter)                Turns: 1494, Time: 00:05:05

Health: -2/73      AC: 13    Str: 23    XL:     10   Next: 16%
Magic:  10/10      EV: 12    Int:  9    God:
Gold:   506        SH: 11    Dex:  9    Spells: 9/9 levels left

rFire    . . .     SeeInvis .   a - +0 flail
rCold    . . .     Gourm    .   c - +0 shield
rNeg     + . .     Faith    .   e - +2 scale mail {MR+}
rPois    ∞         Spirit   .   (no helmet)
rElec    +         Reflect  .   (no cloak)
rCorr    .         Harm     .   (no gloves)
MR       +....     NoTele   +   (no boots)
Stlth    ..........             (no amulet)
HPRegen  0.22/turn              (no ring)
MPRegen  0.12/turn              (no ring)

@: corroded
A: negative energy resistance 1, electricity resistance, unbreathing,
petrification resistance, rot immunity, AC +7
a: no special abilities


You were in the Dungeon.
You were not hungry.

You visited 1 branch You collected 737 gold pieces.
You spent 231 gold pieces at shops.

Inventory:

Hand Weapons
 a - a +0 flail (weapon)
Armour
 b - a +0 scale mail
 c - a +0 shield (worn)
 e - a +2 scale mail of magic resistance (worn)
Scrolls
 d - a scroll of remove curse {unknown}
 k - a scroll of blinking
Potions
 g - a potion of heal wounds
 h - a potion of degeneration {unknown}
 i - 2 potions of magic
Comestibles
 f - 2 rations


   Skills:
 + Level 13.6 Fighting
 + Level 13.7 Maces & Flails
 + Level 9.7 Armour
 + Level 7.0 Dodging
 + Level 8.9 Shields


You had 9 spell levels left.
You didn't know any spells.

Dungeon Overview and Level Annotations

Branches:
Dungeon (1/1)

Altars:
Cheibriados
Dithmenos
Elyvilon
Fedhas
Gozag
Hepliaklqana
Kikubaaqudgha
Makhleb
Nemelex Xobeh
Okawaru
Qazlal
Ru
Sif Muna
Trog
Uskayaw
Vehumet
Wu Jian
Xom
Yredelemnul
Zin
The Shining One
Jiyva
Lugonu

Shops:
D :[

Annotations:
D exclusion: oklob plant


Innate Abilities, Weirdness & Mutations

You are resistant to torment.
Your stone body is resilient. (AC +7)
You are immune to poison.
You resist negative energy. (rN+)
You are resistant to electric shocks. (rElec)
You can survive without breathing.
You are immune to petrification.
You are immune to rotting.


Message History

You sock the oklob plant!
The oklob plant is lightly damaged.
The oklob plant spits acid at you. The splash of acid hits you!
The acid corrodes you!
You are splashed with acid!
The acid burns!
You thump the oklob plant!
The oklob plant is moderately damaged.
You hit the oklob plant.
The oklob plant is moderately damaged.
You sock the oklob plant!
The oklob plant is heavily damaged.
The oklob plant spits acid at you. The splash of acid hits you!
You are splashed with acid!
The acid burns!
You sock the oklob plant!
The oklob plant is severely damaged.
The oklob plant spits acid at you. The splash of acid hits you!
* * * LOW HITPOINT WARNING * * *
You are splashed with acid!
The acid burns!
You die...

###################
..#.)'..#__#..'...#
..'..#..'..'..#)..#
#'#####'#__####...+
..#...#.####§§#####
###..##)#≈§§§§#..#
__##'#_.+≈§§.§§..#
...'..(_#§§§.§#§.#
__##_.#'##)#####@#
__###'#[#()(.# #P+
#####.####'### ###
...'...'.....+
####...#######
##.## #+#


You could see an oklob plant.

Vanquished Creatures
  2 centaur warriors (D)
  Sonja (D)
  A deep troll (D)
  2 kobold demonologists (D)
  A hornet (D)
  A slime creature (D)
  Sigmund (D)
  A yak (D)
  A floating eye (D)
  An ogre (D)
  A jelly (D)
  Ijyb (D)
14 creatures vanquished.

Vanquished Creatures (others)
  A gargoyle (D)
1 creature vanquished.

Grand Total: 15 creatures vanquished

Notes
Turn   | Place    | Note
-------+----------+-------------------------------------------
     0 | D        | Htamos the Gargoyle Fighter began the quest for the Orb.
     0 | D        | Reached XP level 1. HP: 14/14 MP: 1/1
     1 | D        | Noticed Ijyb
    41 | D        | Killed Ijyb
    41 | D        | Reached skill level 5 in Fighting
    41 | D        | Reached XP level 2. HP: 19/21 MP: 2/2
    41 | D        | Reached XP level 3. HP: 24/26 MP: 3/3
    44 | D        | Noticed an ogre
    52 | D        | Killed an ogre
    52 | D        | Reached XP level 4. HP: 6/34 MP: 4/4
   313 | D        | Noticed Sigmund
   335 | D        | Killed Sigmund
   335 | D        | Reached skill level 5 in Maces & Flails
   335 | D        | Reached XP level 5. HP: 24/42 MP: 5/5
   335 | D        | Reached XP level 6. HP: 28/48 MP: 6/6
   459 | D        | Found a burning altar of Makhleb.
   459 | D        | Found a viscous altar of Jiyva.
   459 | D        | Found a shimmering altar of Xom.
   459 | D        | Found a corrupted altar of Lugonu.
   459 | D        | Noticed a slime creature
   471 | D        | Killed a slime creature
   471 | D        | Reached skill level 10 in Fighting
   471 | D        | Reached XP level 7. HP: 24/53 MP: 7/7
   652 | D        | Noticed a kobold demonologist
   653 | D        | Noticed a kobold demonologist
   654 | D        | Paralysed by a floating eye for 4 turns
   660 | D        | Paralysed by a floating eye for 3 turns
   661 | D        | Noticed an ice devil
   667 | D        | Paralysed by a floating eye for 2 turns
   670 | D        | Noticed a hellwing
   672 | D        | Noticed an orange demon
   672 | D        | Paralysed by a floating eye for 2 turns
   676 | D        | Noticed a sixfirhy
   683 | D        | Killed a kobold demonologist
   683 | D        | Reached skill level 5 in Armour
   690 | D        | Paralysed by a floating eye for 3 turns
   692 | D        | Noticed a sun demon
   705 | D        | Killed a kobold demonologist
   705 | D        | Reached skill level 5 in Shields
   705 | D        | Reached XP level 8. HP: 26/60 MP: 8/8
   705 | D        | Paralysed by a floating eye for 2 turns
   825 | D        | Killed a gargoyle
   904 | D        | Found a deep blue altar of Sif Muna.
   905 | D        | Found an ornate altar of the Wu Jian Council.
   912 | D        | Found a radiant altar of Vehumet.
   942 | D        | Found Zavuigeh's Antique Armour Emporium.
   942 | D        | Found an ancient bone altar of Kikubaaqudgha.
   942 | D        | Found a hazy altar of Hepliaklqana.
   942 | D        | Found a stormy altar of Qazlal.
   942 | D        | Found a hide-covered altar of Uskayaw.
   942 | D        | Found a blossoming altar of Fedhas.
   942 | D        | Found a bloodstained altar of Trog.
   942 | D        | Found an iron altar of Okawaru.
   942 | D        | Found a basalt altar of Yredelemnul.
   942 | D        | Found a glowing golden altar of the Shining One.
   942 | D        | Found a snail-covered altar of Cheibriados.
   942 | D        | Found a sacrificial altar of Ru.
   942 | D        | Found a glowing silver altar of Zin.
   942 | D        | Found a shadowy altar of Dithmenos.
   942 | D        | Found a white marble altar of Elyvilon.
   942 | D        | Noticed a yak
   945 | D        | Killed a yak
   945 | D        | Reached skill level 10 in Maces & Flails
   946 | D        | Found an opulent altar of Gozag.
   947 | D        | Found a sparkling altar of Nemelex Xobeh.
   955 | D        | Bought a runed scale mail for 231 gold pieces
   972 | D        | Noticed Sonja
   982 | D        | Killed Sonja
   982 | D        | Reached XP level 9. HP: 66/66 MP: 9/9
  1002 | D        | Found Itoluk's Book Boutique.
  1022 | D        | Noticed a deep troll
  1039 | D        | Killed a deep troll
  1177 | D        | Noticed a centaur warrior
  1177 | D        | Noticed a centaur warrior
  1194 | D        | Killed a centaur warrior
  1204 | D        | Killed a centaur warrior
  1204 | D        | Reached XP level 10. HP: 17/73 MP: 10/10
  1488 | D        | Noticed an oklob plant
  1494 | D        | Splashed by an oklob plant's acid

Skill      XL: |  1  2  3  4  5  6  7  8  9 |
---------------+----------------------------+-----
Fighting       | 5 7 9 10 11 12 13 | 13.6
Dodging        | 2 4 6 7 |  7.0
Maces & Flails | 4 5 7 9 11 13 | 13.7
Armour         | 5 7 9 |  9.7
Shields        | 5 6 8 |  8.9

Action                   |  1- 3 |  4- 6 |  7- 9 | 10-12 || total
-------------------------+-------+-------+-------+-------++-------
Melee: Flail             |    46 |    27 |    89 |    12 ||   174
  Use: Potion            |     1 |     2 |     2 |       ||     5
  Eat: Chunk             |       |       |     1 |     1 ||     2
Armor: Scale mail        |    19 |    12 |    39 |     2 ||    72
Dodge: Dodged            |     9 |     2 |    31 |     1 ||    43
Block: Shield            |    16 |     3 |    49 |     4 ||    72
